 Dungeon Crawl Stone Soup version 0.30-b1-2-g02819fbbbe (webtiles) character file.

Game seed: 10067983301411565192

3700 night the Destroyer (level 9, -9/72 HPs)
             Began as a Demonspawn Conjurer on May 9, 2023.
             Was a High Priest of Cheibriados.
             Mangled by a boulder beetle (18 damage)
             ... on level 8 of the Dungeon.
             The game lasted 00:29:39 (8105 turns).

night the Destroyer (Demonspawn Conjurer)           Turns: 8105, Time: 00:29:39

Health: -9/72      AC: 14    Str: 19 (21) XL:     9   Next: 91%
Magic:  17/19      EV: 16    Int: 32 (35) God:    Cheibriados [*****.]
Gold:   329        SH:  9    Dex: 23 (25) Spells: 10/21 levels left

rFire   . . .        E - +1 demon blade
rCold   + . .        x - +0 buckler
rNeg    + . .        y - +5 ring mail of Zidatef {+Inv rN+ Will+ Dex+2}
rPois   .            (helmet restricted)
rElec   .            e - +2 cloak
rCorr   .            (no gloves)
SInv    .            l - +0 pair of boots
Will    +....        (no amulet)
Stlth   ++           a - ring of protection from cold
HPRegen 0.32/turn    (no ring)
MPRegen 0.16/turn

%: no passive effects
@: agile, very slow
A: antennae 1, large bone plates 1, powered by pain 1, spiny 1
a: Renounce Religion, Evoke Invisibility, Bend Time, Temporal Distortion,
Slouch, Step From Time


You were on level 8 of the Dungeon.
You worshipped Cheibriados.
Cheibriados was extremely pleased with you.
You visited 1 branch of the dungeon, and saw 8 of its levels.
You also visited: Sewer.

You collected 522 gold pieces.
You spent 193 gold pieces at shops.

Inventory:

Hand Weapons
 E - a +1 demon blade (weapon)
Missiles
 r - 2 atropa-tipped darts
 u - a throwing net
Armour
 e - a +2 cloak (worn)
 f - a +1 robe of willpower
 l - a +0 pair of boots (worn)
 q - +0 steam dragon scales
 x - a +0 buckler (worn)
 y - the +5 ring mail of Zidatef (worn) {+Inv rN+ Will+ Dex+2}
   (You found it on level 6 of the Dungeon)

   Dex:       It affects your dexterity (+2).
   rN:        It protects you from negative energy.
   +Inv:      It lets you turn invisible.
   Will:      It increases your willpower.
Jewellery
 a - a ring of protection from cold (left hand)
Wands
 w - a wand of flame (13)
Scrolls
 d - 3 scrolls of enchant armour
 g - 4 scrolls of teleportation
 h - 4 scrolls of amnesia
 i - a scroll of blinking
 n - 2 scrolls of poison
 A - a scroll of immolation
 F - 2 scrolls of identify
Potions
 b - 5 potions of magic
 j - 3 potions of lignification
 m - 3 potions of brilliance
 s - 3 potions of curing
 v - 3 potions of mutation
 B - a potion of degeneration
 D - 2 potions of heal wounds


   Skills:
 + Level 7.0 Fighting
 + Level 2.1 Long Blades
 - Level 1.7 Dodging
 - Level 1.7 Stealth
 + Level 2.0 Shields
 + Level 6.8 Spellcasting
 + Level 8.2 Conjurations
 - Level 3.0 Hexes
 - Level 2.6 Translocations
 + Level 4.6 Invocations


You had 10 spell levels left.
You knew the following spells:

 Your Spells              Type           Power      Damage    Failure   Level
a - Magic Dart            Conj           100%       1d8       1%          1
b - Searing Ray           Conj           100%       2d8       1%          2
c - Iskenderun's Mystic   Conj/Tloc      46%        2d10      10%         4
e - Fulminant Prism       Conj/Hex       23%        3d12      10%         4

Your spell library contained the following spells:

 Spells                   Type           Power      Damage    Failure   Level
 Kiss of Death            Conj/Necr      100%       2d13      1%          1
 Dazzling Flash           Conj/Hex       94%        N/A       2%          3
 Ensorcelled Hibernation  Hex/Ice        40%        N/A       8%          2
 Confusing Touch          Hex            30%        N/A       9%          3
 Ozocubu's Armour         Ice            10%        N/A       28%         3
 Spider Form              Tmut/Pois      10%        N/A       28%         3
 Anguish                  Hex/Necr       10%        N/A       45%         4
 Dispel Undead            Necr           10%        3d9       67%         4
 Ozocubu's Refrigeration  Ice            5%         4d8       100%        7


Dungeon Overview and Level Annotations

Branches:
Dungeon (8/15)             Temple (0/1) D:7           Sewer (visited)
   Lair: D:8-11

Altars:
Cheibriados
Dithmenos
Gozag
Hepliaklqana
Kikubaaqudgha
Nemelex Xobeh
Ru
Wu Jian
Yredelemnul

Shops:
D:6 [   D:7 ?*?


Innate Abilities, Weirdness & Mutations

You have a pair of small antennae on your head.
You are partially covered in large bone plates. (SH +4)
You sometimes gain a little power by taking damage.
You are partially covered in sharp spines.


Message History

You hit the boulder beetle but do no damage.
The boulder beetle is severely wounded.
The boulder beetle barely misses you.
The boulder beetle stops rolling and uncurls.
You slash the boulder beetle!
The boulder beetle is severely wounded.
You block the boulder beetle's attack.
You barely miss the boulder beetle.
The boulder beetle is severely wounded.
You feel yourself slow down.
The boulder beetle is struck by your spines.
The boulder beetle closely misses you.
You hit the boulder beetle but do no damage.
The boulder beetle is almost dead.
The boulder beetle bites you!
You focus on the pain.
You feel your power returning.
You hit the boulder beetle but do no damage.
The boulder beetle is almost dead.
The boulder beetle misses you.
You hit the boulder beetle but do no damage.
The boulder beetle is almost dead.
You block the boulder beetle's attack. The boulder beetle closely misses you.
You hit the boulder beetle.
The boulder beetle is almost dead.
The boulder beetle bites you!!
* * * LOW HITPOINT WARNING * * *
You hit the boulder beetle but do no damage.
The boulder beetle is almost dead.
The boulder beetle bites you.
* * * LOW HITPOINT WARNING * * *
You hit the boulder beetle but do no damage.
The boulder beetle is almost dead.
You block the boulder beetle's attack.
You hit the boulder beetle but do no damage.
The boulder beetle is almost dead.
The boulder beetle misses you.
You hit the boulder beetle.
The boulder beetle is almost dead.
The boulder beetle leaps!
The boulder beetle bites you!!
You die...

#.. # # ### ###..
### ##..##
###########.#
##.####
###.$...##....#
##.##
......○@B....## #..#
#####...###..##
##.## ###..###..#
#..#### ....###.##
#......
...#..##..###......
...###.###..#.......
#..# #.#.....#####.
... #.....(.# # #..#
######..#


You could see a boulder beetle.

Vanquished Creatures
  Grinder (D:5)
  A hornet (D:7)
  Eustachio (D:5)
  A steam dragon (D:6)
  Edmund (D:4)
  3 water moccasins (D:7)
  3 black bears
  2 sky beasts (D:7)
  Pargi (Sewer)
  3 ice beasts
  An orc warrior (D:8)
  An ogre (D:7)
  A gnoll sergeant (D:7)
  2 bullfrogs
  3 necrophages (D:4)
  A scorpion (D:7)
  A wight (D:4)
  4 howler monkeys
  A centaur zombie (D:4)
  A human zombie (D:4)
  5 orc priests
  4 jellies
  A gnoll bouda (D:4)
  A hound (D:6)
  Jessica (D:2)
  2 iguanas
  2 scorpion zombies (D:4)
  6 orc wizards
  A howler monkey zombie (D:4)
  A mummy (D:4)
  9 gnolls
  6 adders
  A white imp (D:5)
  3 ufetubi
  2 adder zombies (D:4)
  5 worms
  A dart slug (D:1)
  18 orcs
  4 endoplasms
  8 giant cockroaches
  18 goblins
  8 hobgoblins
  5 jackals (D:1)
  9 kobolds
  7 quokkas
  4 ball pythons
  2 bats
  9 frilled lizards
  5 rats
181 creatures vanquished.

Vanquished Creatures (others)
  11 fulminant prisms
11 creatures vanquished.

Grand Total: 192 creatures vanquished

Notes
Turn   | Place    | Note
-------+----------+-------------------------------------------
     0 | D:1      | night the Demonspawn Conjurer began the quest for the Orb.
     0 | D:1      | Reached XP level 1. HP: 13/13 MP: 3/3
   150 | D:1      | Gained mutation: You are partially covered in large bone
                  | plates. (SH +4) [demonic ancestry]
   150 | D:1      | Reached XP level 2. HP: 20/20 MP: 0/5
   269 | D:1      | Reached skill level 1 in Fighting
   272 | D:1      | Learned a level 2 spell: Searing Ray
   886 | D:1      | Reached XP level 3. HP: 26/26 MP: 1/6
  1063 | D:2      | Noticed Jessica
  1069 | D:2      | Killed Jessica
  1261 | D:2      | Found a snail-covered altar of Cheibriados.
  1303 | D:2      | Became a worshipper of Cheibriados the Contemplative
  1337 | D:2      | Gained mutation: You have a pair of small antennae on your
                  | head. [demonic ancestry]
  1337 | D:2      | Reached XP level 4. HP: 28/33 MP: 2/8
  1481 | D:2      | Learned a level 4 spell: Iskenderun's Mystic Blast
  1919 | D:3      | Found a glowing drain.
  1951 | Sewer    | Entered a sewer
  2043 | Sewer    | Reached * piety under Cheibriados
  2088 | Sewer    | Noticed Pargi
  2101 | Sewer    | Killed Pargi
  2102 | Sewer    | Reached skill level 5 in Conjurations
  2102 | Sewer    | Gained mutation: You are partially covered in sharp spines.
                  | [demonic ancestry]
  2102 | Sewer    | Reached XP level 5. HP: 6/40 MP: 7/10
  2243 | D:3      | Found a sparkling altar of Nemelex Xobeh.
  2289 | D:3      | Found a sacrificial altar of Ru.
  2850 | D:3      | Found a hazy altar of Hepliaklqana.
  3082 | D:4      | Reached XP level 6. HP: 29/47 MP: 5/11
  3184 | D:4      | Noticed Edmund
  3189 | D:4      | Reached ** piety under Cheibriados
  3200 | D:4      | Killed Edmund
  3376 | D:4      | Gained mutation: You sometimes gain a little power by
                  | taking damage. [demonic ancestry]
  3376 | D:4      | Reached XP level 7. HP: 31/54 MP: 8/13
  3469 | D:4      | Reached skill level 6 in Conjurations
  3543 | D:4      | Found an ancient bone altar of Kikubaaqudgha.
  3677 | D:4      | Reached skill level 5 in Spellcasting
  3793 | D:4      | Reached *** piety under Cheibriados
  3855 | D:4      | Reached skill level 5 in Fighting
  3998 | D:4      | Identified the +0 scale mail of the Arena {Harm Will+}
  4278 | D:5      | Entered Level 5 of the Dungeon
  4318 | D:5      | Reached XP level 8. HP: 62/62 MP: 9/15
  4399 | D:5      | Noticed Eustachio
  4411 | D:5      | Noticed Grinder
  4413 | D:5      | Killed Eustachio
  4414 | D:5      | Reached skill level 7 in Conjurations
  4590 | D:4      | Learned a level 4 spell: Fulminant Prism
  4635 | D:5      | Killed Grinder
  4636 | D:5      | Reached skill level 1 in Hexes
  4636 | D:5      | Reached skill level 1 in Translocations
  4737 | D:5      | Found an ornate altar of the Wu Jian Council.
  4788 | D:5      | Reached **** piety under Cheibriados
  5090 | D:5      | Found a shadowy altar of Dithmenos.
  5093 | D:5      | Found a basalt altar of Yredelemnul.
  5101 | D:5      | Reached skill level 1 in Invocations
  5904 | D:6      | Identified the +5 ring mail of Zidatef {+Inv rN+ Will+
                  | Dex+2}
  6079 | D:6      | Reached XP level 9. HP: 62/69 MP: 13/18
  6138 | D:6      | Found Downuet's Armour Shoppe.
  6762 | D:7      | Found Feewon's Magic Scroll Shoppe.
  6779 | D:7      | Identified the +1 robe "Koteo" {Will+}
  6800 | D:7      | Bought a scroll of identify for 28 gold pieces
  6834 | D:7      | Found Jera's General Store.
  6838 | D:7      | Bought a +0 demon blade for 165 gold pieces
  6957 | D:7      | Found an opulent altar of Gozag.
  7066 | D:7      | Reached ***** piety under Cheibriados
  7078 | D:7      | Reached skill level 1 in Long Blades
  7078 | D:7      | Reached skill level 1 in Shields
  7078 | D:7      | Reached skill level 8 in Conjurations
  7251 | D:7      | Found a staircase to the Ecumenical Temple.
  7343 | D:7      | Identified the staff of air "Boco Opp" {rElec rPois Stlth+}
  7354 | D:7      | Found Woasek's Magic Scroll Boutique.
  8000 | D:8      | Noticed a boulder beetle
  8105 | D:8      | Mangled by a boulder beetle

Illustrated notes

Levels and vault maps discovered:
D:1:      dpeg_arrival_refuge, layout_basic, chequers_serial_rivers_micro_c
D:2:      layout_basic, basic_altar, corexii_corridor_pit, uniq_jessica
D:3:      layout_basic, nicolae_hepliaklqana_hippocampus, nemelex_altar_shiori,
          nicolae_ru_sacrificial_ziggurat, portal_sewer_entry_f, minmay_ruptured
D:4:      kennysheep_the_goblin_king, layout_gridville,
          lemuel_mausoleum_altar_kikubaaqudgha, uniq_edmund
D:5:      layout_cave_pools, tso_oasis_becter, nicolae_overflow_squiral,
          general_overflow_altar, uniq_eustachio, uniq_grinder
D:6:      layout_basic, serial_shops, shop, chequers_serial_rivers_micro_c
D:7:      layout_loops_ring, nicolae_gozag_cash_rules_everything_around_me,
          minmay_temple_entry_antechambers, serial_shops,
          nicolae_shop_window_shopping, kennysheep_mini_moat, shop
D:8:      layout_layer_cave

Skill      XL: |  1  2  3  4  5  6  7  8  9 |
---------------+----------------------------+-----
Fighting       | 1 2 3 4 5 6 7 |  7.0
Spellcasting   | 3 4 5 6 |  6.8
Conjurations   | 5 6 7 8 |  8.2
Hexes          | 2 3 |  3.0
Translocations | 2 |  2.6
Invocations    | 2 4 |  4.6
Long Blades    | 2 |  2.1
Shields        | 2 |  2.0
Dodging        | |  1.7
Stealth        | |  1.7

Action                     |  1- 3 |  4- 6 |  7- 9 || total
---------------------------+-------+-------+-------++-------
  Melee: Dagger            |    59 |       |       ||    59
         Unarmed           |     1 |       |       ||     1
         Quarterstaff      |     3 |    54 |   104 ||   161
         Punch             |     1 |       |       ||     1
         Demon blade       |       |       |    50 ||    50
   Cast: Magic Dart        |    58 |    44 |   102 ||   204
         Searing Ray       |     2 |     7 |    22 ||    31
         Iskenderun's Myst |       |       |    14 ||    14
         Fulminant Prism   |       |       |    11 ||    11
  Evoke: Wand              |       |       |     1 ||     1
    Use: Potion            |       |     3 |     5 ||     8
         Scroll            |       |     5 |    11 ||    16
   Stab: Sleeping          |     1 |       |     3 ||     4
 Armour: Robe              |    17 |    27 |    37 ||    81
         Ring mail         |       |       |    40 ||    40
  Dodge: Dodged            |    44 |    53 |   105 ||   202
  Block: Other             |    17 |    17 |    22 ||    56
         Buckler           |       |       |    27 ||    27
